[ AOE2 MATCH · #513865945 ]
UnrankedMongols vs Shu
Player's team · LOSS
Rival team · WIN
[ REPLAY ANALYSIS · EXTRACTED FROM THE RECORDED GAME ]
Feudal
9:32
Castle
23:30
Imperial
—
| APM avg | 27.0 |
| APM peak | 61 |
| eAPM avg | 12.9 |
| Villagers / military | 28 / 5 |
Focus
⚔️ 25.0% · 🌾 75.0%
Militia ×5
Feudal
8:58
Castle
—
Imperial
—
| APM avg | 37.7 |
| APM peak | 76 |
| eAPM avg | 13.4 |
| Villagers / military | 44 / 18 |
Focus
⚔️ 31.6% · 🌾 68.4%
Archer ×16 · Militia ×2
Match map
Initial resources + every placement click. Lines = walls · curves = elevation contours. ◆ gold · ⬟ stone · ● berries · ✦ relic · ◌ wall gap
Your base· Open — unwalled flank
momizzle13's base· Open — 5t gap
Smoothed initial terrain · ◌ = detected wall gap · hover for details
Inputs per minute
— GwizdeK - - momizzle13
Build order — GwizdeK
79 actions detected in the replay
| 0:01 | Queue | Villager (Male) |
| 0:01 | Queue | Villager (Male) |
| 0:02 | Build | House |
| 0:04 | Build | House |
| 0:12 | Queue | Villager (Male) |
| 0:13 | Queue | Villager (Male) |
| 1:38 | Queue | Villager (Male) |
| 1:42 | Queue | Villager (Male) |
| 1:47 | Queue | Villager (Male) |
| 2:17 | Build | Lumber Camp |
| 2:39 | Build | House |
| 2:41 | Build | House |
| 2:45 | Queue | Villager (Male) |
| 2:46 | Queue | Villager (Male) |
| 2:46 | Queue | Villager (Male) |
| 2:46 | Queue | Villager (Male) |
| 3:34 | Queue | Villager (Male) |
| 3:37 | Research | Loom |
| 3:50 | Queue | Villager (Male) |
| 4:08 | Queue | Villager (Male) |
| 4:50 | Queue | Villager (Male) |
| 4:58 | Build | Mill |
| 5:16 | Queue | Villager (Male) |
| 5:44 | Build | House |
| 6:04 | Queue | Villager (Male) |
| 6:41 | Queue | Villager (Male) |
| 7:13 | Build | Barracks |
| 7:17 | Queue | Villager (Male) |
| 7:17 | Queue | Villager (Male) |
| 7:22 | Research | Feudal Age |
| 8:33 | Queue | Villager (Male) |
| 8:39 | Build | Mining Camp |
| 8:55 | Build | House |
| 9:01 | Queue | Militia |
| 9:13 | Queue | Militia |
| 9:32 | Age | Feudal Age |
| 9:41 | Build | Watch Tower |
| 9:53 | Queue | Militia |
| 10:24 | Queue | Militia |
| 10:25 | Queue | Villager (Male) |
| 11:46 | Research | Man-at-Arms (upgrade) |
| 11:52 | Queue | Militia |
| 12:03 | Build | House |
| 12:24 | Build | Mining Camp |
| 12:30 | Build | Market |
| 13:21 | Build | Watch Tower |
| 14:12 | Queue | Villager (Male) |
| 14:48 | Build | Mill |
| 15:44 | Queue | Villager (Male) |
| 15:44 | Queue | Villager (Male) |
| 15:44 | Queue | Villager (Male) |
| 15:44 | Queue | Villager (Male) |
| 16:05 | Build | House |
| 16:07 | Build | House |
| 16:14 | Build | Farm |
| 16:23 | Research | Double-Bit Axe |
| 16:39 | Build | House |
| 16:41 | Build | Palisade Wall |
| 16:42 | Build | Palisade Wall |
| 16:48 | Build | Palisade Wall |
| 17:01 | Build | Farm |
| 17:02 | Queue | Villager (Male) |
| 17:40 | Build | Blacksmith |
| 18:20 | Research | Fletching |
| 18:51 | Build | Farm |
| 19:09 | Build | Palisade Wall |
| 19:11 | Build | Palisade Wall |
| 19:18 | Build | Palisade Wall |
| 19:41 | Build | House |
| 19:46 | Build | House |
| 19:50 | Build | House |
| 20:10 | Build | Watch Tower |
| 20:32 | Build | House |
| 20:36 | Build | House |
| 20:50 | Research | Castle Age |
| 21:07 | Build | House |
| 21:47 | Build | Palisade Wall |
| 23:30 | Age | Castle Age |
| 23:36 | Build | Farm |
Build order — momizzle13
118 actions detected in the replay
| 0:02 | Queue | Villager (Male) |
| 0:02 | Queue | Villager (Male) |
| 0:02 | Queue | Villager (Male) |
| 0:03 | Build | House |
| 0:04 | Build | House |
| 0:54 | Queue | Villager (Male) |
| 1:24 | Queue | Villager (Male) |
| 1:24 | Queue | Villager (Male) |
| 1:49 | Build | Lumber Camp |
| 2:04 | Queue | Villager (Male) |
| 2:17 | Queue | Villager (Male) |
| 2:17 | Queue | Villager (Male) |
| 2:52 | Queue | Villager (Male) |
| 2:52 | Queue | Villager (Male) |
| 3:08 | Queue | Villager (Male) |
| 3:08 | Queue | Villager (Male) |
| 3:41 | Build | House |
| 3:46 | Queue | Villager (Male) |
| 4:07 | Queue | Villager (Male) |
| 4:07 | Queue | Villager (Male) |
| 4:24 | Build | Mill |
| 4:55 | Queue | Villager (Male) |
| 4:55 | Queue | Villager (Male) |
| 5:43 | Queue | Villager (Male) |
| 6:05 | Research | Loom |
| 6:48 | Research | Feudal Age |
| 7:01 | Build | House |
| 7:16 | Build | Palisade Wall |
| 7:38 | Build | Barracks |
| 8:00 | Build | House |
| 8:02 | Build | Palisade Wall |
| 8:08 | Build | Palisade Wall |
| 8:10 | Build | Palisade Wall |
| 8:23 | Build | Palisade Wall |
| 8:25 | Build | Palisade Wall |
| 8:34 | Queue | Militia |
| 8:35 | Queue | Militia |
| 8:57 | Build | Mining Camp |
| 8:58 | Age | Feudal Age |
| 9:41 | Queue | Villager (Male) |
| 9:41 | Queue | Villager (Male) |
| 10:02 | Build | Palisade Wall |
| 10:04 | Build | Palisade Wall |
| 10:05 | Build | Palisade Wall |
| 10:08 | Build | Palisade Wall |
| 10:26 | Build | Archery Range |
| 10:48 | Queue | Villager (Male) |
| 10:48 | Queue | Villager (Male) |
| 11:10 | Queue | Archer |
| 11:16 | Build | Mining Camp |
| 11:22 | Build | Watch Tower |
| 11:35 | Queue | Villager (Male) |
| 11:43 | Build | Farm |
| 11:45 | Build | Farm |
| 12:23 | Build | Farm |
| 12:24 | Build | Farm |
| 12:35 | Queue | Villager (Male) |
| 12:35 | Queue | Villager (Male) |
| 12:44 | Build | House |
| 13:17 | Build | House |
| 13:22 | Build | House |
| 13:23 | Build | House |
| 14:00 | Queue | Archer |
| 14:00 | Queue | Archer |
| 14:12 | Queue | Villager (Male) |
| 14:12 | Queue | Villager (Male) |
| 14:13 | Queue | Villager (Male) |
| 14:22 | Queue | Villager (Male) |
| 14:25 | Research | Double-Bit Axe |
| 14:29 | Build | Farm |
| 14:31 | Build | Farm |
| 14:32 | Build | Farm |
| 14:35 | Build | Farm |
| 14:36 | Build | Farm |
| 14:41 | Queue | Villager (Male) |
| 15:28 | Queue | Villager (Male) |
| 15:28 | Queue | Villager (Male) |
| 15:44 | Build | Farm |
| 15:48 | Build | Farm |
| 15:56 | Queue | Villager (Male) |
| 15:58 | Queue | Archer |
| 15:58 | Queue | Archer |
| 16:32 | Build | Farm |
| 16:36 | Build | Farm |
| 16:38 | Queue | Villager (Male) |
| 16:38 | Queue | Villager (Male) |
| 16:43 | Queue | Archer |
| 17:21 | Queue | Villager (Male) |
| 17:21 | Queue | Villager (Male) |
| 17:41 | Build | Blacksmith |
| 17:46 | Queue | Villager (Male) |
| 17:50 | Queue | Archer |
| 18:25 | Queue | Archer |
| 18:25 | Queue | Archer |
| 18:32 | Research | Fletching |
| 18:34 | Queue | Villager (Male) |
| 18:34 | Queue | Villager (Male) |
| 19:06 | Queue | Villager (Male) |
| 19:06 | Queue | Villager (Male) |
| 19:08 | Queue | Archer |
| 19:08 | Queue | Archer |
| 19:54 | Build | House |
| 19:55 | Build | House |
| 20:22 | Queue | Villager (Male) |
| 20:36 | Build | Market |
| 21:11 | Research | Horse Collar |
| 21:35 | Build | Farm |
| 21:37 | Build | Farm |
| 21:42 | Research | Castle Age |
| 21:54 | Research | Padded Archer Armor |
| 22:57 | Queue | Archer |
| 22:57 | Queue | Archer |
| 22:57 | Queue | Archer |
| 22:57 | Queue | Archer |
| 23:14 | Build | Archery Range |
| 23:17 | Build | Farm |
| 24:00 | Build | Mining Camp |
| 24:07 | Queue | Archer |
Match timeline
| 7:13 | GwizdeK · first_building Barracks |
| 7:16 | momizzle13 · wall_segment Palisade Wall x8 |
| 7:38 | momizzle13 · first_building Barracks |
| 8:02 | momizzle13 · wall_segment Palisade Wall x1 |
| 8:08 | momizzle13 · wall_segment Palisade Wall x1 |
| 8:10 | momizzle13 · wall_segment Palisade Wall x1 |
| 8:23 | momizzle13 · wall_segment Palisade Wall x1 |
| 8:25 | momizzle13 · wall_segment Palisade Wall x1 |
| 8:58 | momizzle13 · age_up feudal |
| 9:32 | GwizdeK · age_up feudal |
| 10:02 | momizzle13 · wall_segment Palisade Wall x1 |
| 10:04 | momizzle13 · wall_segment Palisade Wall x1 |
| 10:05 | momizzle13 · wall_segment Palisade Wall x1 |
| 10:08 | momizzle13 · wall_segment Palisade Wall x1 |
| 10:26 | momizzle13 · first_building Archery Range |
| 13:17 | GwizdeK · first_market_buy 100 stone |
| 16:41 | GwizdeK · wall_segment Palisade Wall x3 |
| 16:42 | GwizdeK · wall_segment Palisade Wall x2 |
| 16:48 | GwizdeK · wall_segment Palisade Wall x5 |
| 17:47 | GwizdeK · first_market_sell 500 stone |
| 19:09 | GwizdeK · wall_segment Palisade Wall x6 |
| 19:11 | GwizdeK · wall_segment Palisade Wall x5 |
| 19:18 | GwizdeK · wall_segment Palisade Wall x10 |
| 21:40 | momizzle13 · first_market_buy 100 food |
| 21:47 | GwizdeK · wall_segment Palisade Wall x1 |
| 23:30 | GwizdeK · age_up castle |
| 24:07 | GwizdeK · resign |
[ AI ANALYSIS · 1 CREDIT ]
What really happened in this match?
Wolo.gg analyzes every decision: build order, eco, micro, common mistakes by bracket. Personalized analysis on WhatsApp or Discord in 30 seconds.
Civ guide
Mongols
Perfil
Jugador #245082